| TOP OF THE 1ST |
|
Pensacola Blue Wahoos batting - Pitching for Columbia Fireflies : RHP Andy Carrell
|
|
Pitching: RHP Andy Carrell
|
|
|
Batting: RHB Sang-ton Pak
|
0-0: Fly out, F9 (Flyball, 9, EV 91.9 MPH)
|
|
Batting: LHB Phil Lomax
|
0-0: SINGLE (Line Drive, 56D, EV 105.0 MPH)
|
|
Batting: RHB Tony Casas
|
0-0: Foul Ball, location: 2F 0-1: Called Strike Phil Lomax steals 2nd base 0-2: Ball 1-2: Ball 2-2: Strikes out swinging
|
|
Batting: RHB Dave Ruiz
|
0-0: Called Strike 0-1: Swinging Strike 0-2: Ball 1-2: Strikes out swinging
|
| Top of the 1st over - 0 runs, 1 hit, 0 errors, 1 left on base; Pensacola 0 - Columbia 0 |
| BOTTOM OF THE 1ST |
|
Columbia Fireflies batting - Pitching for Pensacola Blue Wahoos : RHP Tim Bant
|
|
Pitching: RHP Tim Bant
|
|
|
Batting: RHB Omar Novoa
|
0-0: Ground out 6-3 (Groundball, 6, EV 84.4 MPH)
|
|
Batting: SHB Masatoshi Akahoshi
|
0-0: Ball 1-0: Fly out, F7 (Flyball, 78S, EV 88.8 MPH)
|
|
Batting: SHB Justin Wallace
|
0-0: Ball 1-0: Called Strike 1-1: SINGLE (Groundball, 34D, EV 94.4 MPH)
|
|
Batting: RHB Masaya Nakamura
|
0-0: SINGLE (Groundball, 56D, EV 96.9 MPH) Justin Wallace to second
|
|
Batting: RHB Larry Shoop
|
0-0: Ball 1-0: SINGLE (Groundball, 25, EV 73.8 MPH) (infield hit) Justin Wallace to third Masaya Nakamura to second
|
|
Batting: RHB Dan Muse
|
0-0: Ball 1-0: Ball 2-0: Called Strike 2-1: Swinging Strike 2-2: Foul Ball, location: 2F 2-2: Foul Ball, location: 2F 2-2: Strikes out looking
|
| Bottom of the 1st over - 0 runs, 3 hits, 0 errors, 3 left on base; Pensacola 0 - Columbia 0 |
| TOP OF THE 2ND |
|
Pensacola Blue Wahoos batting - Pitching for Columbia Fireflies : RHP Andy Carrell
|
|
Batting: LHB Brian Snyder
|
0-0: Called Strike 0-1: Fly out, F8 (Flyball, 8RM, EV 85.0 MPH)
|
|
Batting: RHB Jordan Torres
|
0-0: Called Strike 0-1: Ball 1-1: Ball 2-1: Ground out 6-3 (Groundball, 6, EV 88.1 MPH)
|
|
Batting: RHB Matt Silva
|
0-0: Called Strike 0-1: Ball 1-1: Ball 2-1: Ground out 5-3 (Groundball, 56, EV 88.1 MPH)
|
| Top of the 2nd over - 0 runs, 0 hits, 0 errors, 0 left on base; Pensacola 0 - Columbia 0 |
| BOTTOM OF THE 2ND |
|
Columbia Fireflies batting - Pitching for Pensacola Blue Wahoos : RHP Tim Bant
|
|
Batting: RHB Fathi Addae
|
0-0: Ground out U3 (Groundball, 34S, EV 83.8 MPH)
|
|
Batting: RHB Andy Carrell
|
0-0: Foul Ball, location: 2F 0-1: Swinging Strike 0-2: SINGLE (Groundball, 6D, EV 96.9 MPH)
|
|
Batting: RHB David Reyna
|
Pickoff Throw to First - Out! 1-3 CS 0-0: Ball 1-0: Foul Ball, location: 2F 1-1: Ground out 5-3 (Groundball, 56S, EV 83.8 MPH)
|
| Bottom of the 2nd over - 0 runs, 1 hit, 0 errors, 0 left on base; Pensacola 0 - Columbia 0 |
| TOP OF THE 3RD |
|
Pensacola Blue Wahoos batting - Pitching for Columbia Fireflies : RHP Andy Carrell
|
|
Batting: RHB Pat Mage
|
0-0: Called Strike 0-1: Ball 1-1: SINGLE (Groundball, 25, EV 69.4 MPH) (infield hit)
|
|
Batting: RHB Joe Kooyers
|
0-0: Ball 1-0: Called Strike Pat Mage steals 2nd base 1-1: Ball 2-1: Fly out, F3 (Popup, 34, EV 73.1 MPH)
|
|
Batting: RHB Sang-ton Pak
|
0-0: Ball 1-0: SINGLE (Line Drive, 78S, EV 98.8 MPH) Pat Mage to third Runner from 3rd tries for Home, SAFE, throw by LF to home
|
|
Batting: LHB Phil Lomax
|
0-0: Called Strike 0-1: Reached on error, E5 (Groundball, 56S, EV 86.2 MPH) Sang-ton Pak to second
|
|
Batting: RHB Tony Casas
|
0-0: Swinging Strike 0-1: Grounds into double play, 5-4-3 (Groundball, 5, EV 100.0 MPH)
|
| Top of the 3rd over - 1 run, 2 hits, 1 error, 1 left on base; Pensacola 1 - Columbia 0 |
| BOTTOM OF THE 3RD |
|
Columbia Fireflies batting - Pitching for Pensacola Blue Wahoos : RHP Tim Bant
|
|
Batting: RHB Omar Novoa
|
0-0: Ground out 5-3 (Groundball, 56, EV 103.1 MPH)
|
|
Batting: SHB Masatoshi Akahoshi
|
0-0: Foul Ball, location: 2F 0-1: Ball 1-1: Ball 2-1: Foul Ball, location: 2F 2-2: Foul Ball, location: 2F 2-2: Foul Ball, location: 2F 2-2: Fly out, F8 (Flyball, 8LD, EV 103.8 MPH)
|
|
Batting: SHB Justin Wallace
|
0-0: Called Strike 0-1: Ball 1-1: Called Strike 1-2: Foul Ball, location: 2F 1-2: Foul Ball, location: 2F 1-2: Ball 2-2: Strikes out swinging
|
| Bottom of the 3rd over - 0 runs, 0 hits, 0 errors, 0 left on base; Pensacola 1 - Columbia 0 |
| TOP OF THE 4TH |
|
Pensacola Blue Wahoos batting - Pitching for Columbia Fireflies : RHP Andy Carrell
|
|
Batting: RHB Dave Ruiz
|
0-0: Ball 1-0: Called Strike 1-1: Ball 2-1: Foul Ball, location: 2F 2-2: Ball 3-2: Fly out, F7 (Flyball, 7LS, EV 88.8 MPH)
|
|
Batting: LHB Brian Snyder
|
0-0: Called Strike 0-1: Foul Ball, location: 2F 0-2: Ball 1-2: Ball 2-2: Foul Ball, location: 2F 2-2: Ball 3-2: Base on Balls
|
|
Batting: RHB Jordan Torres
|
0-0: Ball 1-0: Ball 2-0: Ball 3-0: Called Strike 3-1: Base on Balls Brian Snyder to second
|
|
Batting: RHB Matt Silva
|
0-0: Ball 1-0: Ball 2-0: Ball 3-0: Called Strike 3-1: Fielders Choice at 2nd, 6-4 (Groundball, 6, EV 105.0 MPH) Brian Snyder to third
|
|
Batting: RHB Pat Mage
|
0-0: Ball 1-0: Ground out 4-3 (Groundball, 4, EV 101.9 MPH)
|
| Top of the 4th over - 0 runs, 0 hits, 0 errors, 2 left on base; Pensacola 1 - Columbia 0 |
| BOTTOM OF THE 4TH |
|
Columbia Fireflies batting - Pitching for Pensacola Blue Wahoos : RHP Tim Bant
|
|
Batting: RHB Masaya Nakamura
|
0-0: DOUBLE (Groundball, 5L, EV 100.0 MPH)
|
|
Batting: RHB Larry Shoop
|
0-0: Ball 1-0: Foul Ball, location: 2F 1-1: SINGLE (Groundball, 6MD, EV 97.5 MPH) Masaya Nakamura to third Runner from 3rd tries for Home, SAFE, throw by CF to home
|
|
Batting: RHB Dan Muse
|
0-0: Ball 1-0: Ball 2-0: Called Strike 2-1: Fly out, F9 (Flyball, 89XD, EV 105.0 MPH)
|
|
Batting: RHB Fathi Addae
|
0-0: Ball 1-0: Foul Ball, location: 2F 1-1: Foul Ball, location: 2F 1-2: Fly out, F9 (Flyball, 9, EV 75.6 MPH)
|
|
Batting: RHB Andy Carrell
|
0-0: Called Strike 0-1: Foul Ball, location: 2F 0-2: Ball 1-2: SINGLE (Groundball, 6, EV 101.2 MPH) Larry Shoop to second
|
|
Batting: RHB David Reyna
|
0-0: Foul Ball, location: 2F 0-1: Swinging Strike 0-2: Foul Ball, location: 2F 0-2: Foul Ball, location: 2F 0-2: Strikes out looking
|
| Bottom of the 4th over - 1 run, 3 hits, 0 errors, 2 left on base; Pensacola 1 - Columbia 1 |
| TOP OF THE 5TH |
|
Pensacola Blue Wahoos batting - Pitching for Columbia Fireflies : RHP Andy Carrell
|
|
Batting: RHB Joe Kooyers
|
0-0: Ball 1-0: Called Strike 1-1: SINGLE (Groundball, 56D, EV 108.8 MPH)
|
|
Batting: RHB Sang-ton Pak
|
0-0: Ball 1-0: Fly out, F7 (Flyball, 7, EV 88.1 MPH)
|
|
Batting: LHB Phil Lomax
|
0-0: Ball 1-0: Ball 2-0: Called Strike 2-1: SINGLE (Line Drive, 34, EV 97.5 MPH) Joe Kooyers to second
|
|
Batting: RHB Tony Casas
|
0-0: Called Strike 0-1: Ball 1-1: Foul Ball, location: 2F 1-2: Strikes out swinging
|
|
Batting: RHB Dave Ruiz
|
0-0: Ball 1-0: Called Strike 1-1: Fielders Choice at 2nd, 6-4 (Groundball, 6, EV 82.5 MPH)
|
| Top of the 5th over - 0 runs, 2 hits, 0 errors, 2 left on base; Pensacola 1 - Columbia 1 |
| BOTTOM OF THE 5TH |
|
Columbia Fireflies batting - Pitching for Pensacola Blue Wahoos : RHP Tim Bant
|
|
Batting: RHB Omar Novoa
|
0-0: Foul Ball, location: 2F 0-1: Ball 1-1: Swinging Strike 1-2: Strikes out swinging
|
|
Batting: SHB Masatoshi Akahoshi
|
0-0: Called Strike 0-1: Ball 1-1: Ball 2-1: Ball 3-1: Fly out, F7 (Flyball, 7LMF, EV 94.4 MPH)
|
|
Batting: SHB Justin Wallace
|
0-0: Called Strike 0-1: Foul Ball, location: 2F 0-2: Ball 1-2: Ball 2-2: Foul Ball, location: 2F 2-2: Ball 3-2: Base on Balls
|
|
Batting: RHB Masaya Nakamura
|
0-0: Ball 1-0: Called Strike 1-1: Ball 2-1: Ground out 4-3 (Groundball, 4, EV 91.9 MPH)
|
| Bottom of the 5th over - 0 runs, 0 hits, 0 errors, 1 left on base; Pensacola 1 - Columbia 1 |
| TOP OF THE 6TH |
|
Pensacola Blue Wahoos batting - Pitching for Columbia Fireflies : RHP Andy Carrell
|
|
Batting: LHB Brian Snyder
|
0-0: Hit by Pitch
|
|
Batting: RHB Jordan Torres
|
0-0: Called Strike 0-1: Fly out, F7 (Flyball, 7, EV 92.5 MPH)
|
|
Batting: RHB Matt Silva
|
0-0: Ball Wild Pitch! Brian Snyder to second 1-0: Ball 2-0: Foul Ball, location: 2F 2-1: SINGLE (Groundball, 6M, EV 108.8 MPH) (infield hit) Brian Snyder to third
|
|
Pitching: LHP Keith Noftall
|
|
|
Batting: RHB Pat Mage
|
0-0: Ball 1-0: Called Strike 1-1: Swinging Strike 1-2: Ball 2-2: Strikes out looking
|
|
Batting: RHB Joe Kooyers
|
0-0: Called Strike 0-1: Ball 1-1: SINGLE (Flyball, 9LS, EV 93.8 MPH) Brian Snyder scores Matt Silva to second Runner from 2nd tries for 3rd, SAFE, no throw by RF
|
|
Batting: RHB Sang-ton Pak
|
0-0: Ball 1-0: Ball 2-0: Foul Ball, location: 2F 2-1: Ball 3-1: Called Strike 3-2: Base on Balls Joe Kooyers to second
|
|
Batting: LHB Phil Lomax
|
0-0: Foul Ball, location: 2F 0-1: Ground out 4-3 (Groundball, 4, EV 84.4 MPH)
|
| Top of the 6th over - 1 run, 2 hits, 0 errors, 3 left on base; Pensacola 2 - Columbia 1 |
| BOTTOM OF THE 6TH |
|
Columbia Fireflies batting - Pitching for Pensacola Blue Wahoos : RHP Tim Bant
|
|
Batting: RHB Larry Shoop
|
0-0: Called Strike 0-1: Ball 1-1: Ground out 1-4-3 (Groundball, 15S, EV 105.0 MPH)
|
|
Batting: RHB Dan Muse
|
0-0: Called Strike 0-1: Ball 1-1: Ball 2-1: DOUBLE (Flyball, 8RXD, EV 103.1 MPH)
|
|
Batting: RHB Fathi Addae
|
0-0: DOUBLE (Line Drive, 9LS, EV 101.2 MPH) Dan Muse scores
|
|
Batting: RHB Andy Carrell
|
0-0: Intentional Walk
|
|
Batting: RHB David Reyna
|
0-0: Called Strike 0-1: Foul Ball, location: 2F 0-2: Strikes out swinging
|
|
Pitching: RHP Victor Uriegas
|
|
|
Pinch Hitting: LHB Tony Leyba
|
0-0: DOUBLE (Flyball, 8RXD, EV 106.9 MPH) Fathi Addae scores Andy Carrell to third Runner from 3rd tries for Home, SAFE, no throw by CF
|
|
Batting: SHB Masatoshi Akahoshi
|
0-0: Ball 1-0: Foul Ball, location: 2F 1-1: Called Strike 1-2: Foul Ball, location: 2F 1-2: Ball 2-2: Foul Ball, location: 2F 2-2: Foul Ball, location: 2F 2-2: Strikes out looking
|
| Bottom of the 6th over - 3 runs, 3 hits, 0 errors, 1 left on base; Pensacola 2 - Columbia 4 |
| TOP OF THE 7TH |
|
Pensacola Blue Wahoos batting - Pitching for Columbia Fireflies : LHP Keith Noftall
|
|
Now at 3B: Masatoshi Akahoshi
|
|
|
Now in RF: Jose Lara
|
|
|
Batting: RHB Tony Casas
|
0-0: Ball 1-0: Ball 2-0: Ball 3-0: Base on Balls
|
|
Batting: RHB Dave Ruiz
|
0-0: Called Strike 0-1: Swinging Strike 0-2: Ball 1-2: Ball 2-2: Ball 3-2: Strikes out swinging
|
|
Batting: LHB Brian Snyder
|
0-0: Called Strike Tony Casas steals 2nd base (no throw) 0-1: Ball 1-1: Fly out, F8 (Flyball, 78D, EV 93.1 MPH)
|
|
Batting: RHB Jordan Torres
|
0-0: Ground out 4-3 (Groundball, 4, EV 99.4 MPH)
|
| Top of the 7th over - 0 runs, 0 hits, 0 errors, 1 left on base; Pensacola 2 - Columbia 4 |
| BOTTOM OF THE 7TH |
|
Columbia Fireflies batting - Pitching for Pensacola Blue Wahoos : RHP Victor Uriegas
|
|
Batting: SHB Justin Wallace
|
0-0: Ball 1-0: Ball 2-0: Ball 3-0: Base on Balls
|
|
Batting: RHB Masaya Nakamura
|
0-0: Called Strike 0-1: Grounds into double play, 1-6-3 (Groundball, 34S, EV 70.6 MPH)
|
|
Batting: RHB Larry Shoop
|
0-0: Ball 1-0: Called Strike 1-1: Foul Ball, location: 2F 1-2: Ball 2-2: Strikes out swinging
|
| Bottom of the 7th over - 0 runs, 0 hits, 0 errors, 0 left on base; Pensacola 2 - Columbia 4 |
| TOP OF THE 8TH |
|
Pensacola Blue Wahoos batting - Pitching for Columbia Fireflies : LHP Keith Noftall
|
|
Pitching: RHP Amare Golden
|
|
|
Batting: RHB Matt Silva
|
0-0: Ball 1-0: Ball 2-0: Called Strike 2-1: Ground out 5-3 (Groundball, 5L, EV 100.0 MPH)
|
|
Batting: RHB Pat Mage
|
0-0: Ball 1-0: Called Strike 1-1: Swinging Strike 1-2: Ground out 6-3 (Groundball, 6S, EV 87.5 MPH)
|
|
Batting: RHB Joe Kooyers
|
0-0: Swinging Strike 0-1: Fly out, F9 (Line Drive, 9, EV 84.4 MPH)
|
| Top of the 8th over - 0 runs, 0 hits, 0 errors, 0 left on base; Pensacola 2 - Columbia 4 |
| BOTTOM OF THE 8TH |
|
Columbia Fireflies batting - Pitching for Pensacola Blue Wahoos : RHP Victor Uriegas
|
|
Pitching: RHP Josh Pugh
|
|
|
Batting: RHB Dan Muse
|
0-0: Ball 1-0: Ball 2-0: Ball 3-0: Called Strike 3-1: Base on Balls
|
|
Batting: RHB Fathi Addae
|
0-0: Sac Bunt to 13S - play at first, batter OUT! 1-3 Dan Muse to second
|
|
Batting: RHB Andy Carrell
|
0-0: Intentional Walk
|
|
Batting: RHB David Reyna
|
0-0: Foul Ball, location: 2F 0-1: Called Strike 0-2: Ball 1-2: Foul Ball, location: 2F 1-2: Foul Ball, location: 2F 1-2: Fly out, F8 (Flyball, 8RD, EV 106.2 MPH) Runner from 2nd tags up, SAFE at 3rd with throw by CF
|
|
Batting: RHB Jose Lara
|
0-0: Ball 1-0: SINGLE (Groundball, 56D, EV 105.0 MPH) Dan Muse scores Andy Carrell to second
|
|
Batting: SHB Masatoshi Akahoshi
|
0-0: Ball 1-0: Ball 2-0: Fly out, F8 (Flyball, 8RXD, EV 103.1 MPH)
|
| Bottom of the 8th over - 1 run, 1 hit, 0 errors, 2 left on base; Pensacola 2 - Columbia 5 |
| TOP OF THE 9TH |
|
Pensacola Blue Wahoos batting - Pitching for Columbia Fireflies : RHP Amare Golden
|
|
Batting: RHB Sang-ton Pak
|
0-0: Reached on error, E6 (Groundball, 6, EV 85.0 MPH)
|
|
Batting: LHB Phil Lomax
|
0-0: Called Strike 0-1: Fly out, F9 (Line Drive, 9, EV 96.9 MPH)
|
|
Batting: RHB Tony Casas
|
0-0: Ball 1-0: Ball 2-0: Called Strike 2-1: Foul Ball, location: 2F 2-2: Strikes out swinging
|
|
Batting: RHB Dave Ruiz
|
0-0: Ball 1-0: Ball 2-0: Foul Ball, location: 2F 2-1: Ball 3-1: Called Strike 3-2: Foul Ball, location: 2F 3-2: Strikes out swinging
|
| Top of the 9th over - 0 runs, 0 hits, 1 error, 1 left on base; Pensacola 2 - Columbia 5 |
|